 Dungeon Crawl Stone Soup version 0.21-a0-360-g65c131b (webtiles) character file.

84 Horrz the Skirmisher (level 4, 0/42 HPs)
             Began as a Hill Orc Monk on Oct 11, 2017.
             Slain by Purgy (1 damage)
             ... in a sewer on Oct 13, 2017.
             The game lasted 00:09:48 (1710 turns).

Horrz the Skirmisher (Hill Orc Monk)                Turns: 1710, Time: 00:09:48

Health: 0/42       AC:  2    Str: 10 (13) XL:     4   Next: 45%
Magic:  4/4        EV: 12    Int:  8 (10) God:
Gold:   95         SH:  0    Dex: 11 (14) Spells: 3/3 levels left

rFire    + . .     SeeInvis .   q - +1 mace (crush)
rCold    + . .     Gourm    .   (no shield)
rNeg     . . .     Faith    .   b - +0 robe
rPois    +         Spirit   .   (no helmet)
rElec    +         Reflect  .   (no cloak)
rCorr    +         Harm     .   (no gloves)
MR       .....                  (no boots)
Stlth    ++........             (no amulet)
HPRegen  0.14/turn              (no ring)
MPRegen  0.09/turn              (no ring)

@: resistant, flying
A: no striking features
a: no special abilities


You were in a sewer.
You were not hungry.

You visited 1 branch of the dungeon, and saw 3 of its levels.
You also visited: Sewer.

You collected 95 gold pieces.

Inventory:

Hand Weapons
 a - a +0 mace
 h - a +1 mace
 q - a +1 mace of crushing (weapon)
Armour
 b - a +0 robe (worn)
Scrolls
 k - a scroll of teleportation
Potions
 e - a potion of brilliance
 g - a potion of curing {unknown}
 i - a potion of flight
 j - a potion of resistance
 l - a potion of haste {unknown}
 n - a potion of ambrosia {unknown}
 o - a potion of degeneration
 r - a potion of might {unknown}
Comestibles
 c - 5 bread rations
 d - 3 chunks of flesh
 m - 2 fruits
 p - 2 meat rations


   Skills:
 + Level 5.0 Fighting
 + Level 4.6 Maces & Flails
 - Level 2.4 Dodging
 - Level 1.5 Stealth


You had 3 spell levels left.
You didn't know any spells.

Dungeon Overview and Level Annotations

Branches:
Dungeon (3/15)

Altars:
Xom

Annotations:
Sewer Purgy


Message History

Purgy closely misses you. Purgy misses you. Purgy claws you.
The frilled lizard barely misses you.
Purgy snarls, "My home!
Leave!"
Purgy bites you.
* * * LOW HITPOINT WARNING * * *
Purgy claws you.
* * * LOW HITPOINT WARNING * * *
Purgy closely misses you.
You feel protected. The frilled lizard bites you.
* * * LOW HITPOINT WARNING * * *
Purgy closely misses you. Purgy barely misses you. x2
You hit the frilled lizard.
You kill the frilled lizard!
You thump Purgy!
Purgy is heavily wounded.
Purgy bites you!
* * * LOW HITPOINT WARNING * * *
Purgy closely misses you. Purgy claws you.
You die...

#≈≈≈≈≈≈≈≈##
#≈≈≈≈≈≈≈≈≈# ≈#
##≈≈≈≈≈≈≈≈## ≈#
#≈≈≈≈≈≈≈≈≈≈## .#
≈≈≈≈≈≈≈≈≈≈≈.# .#
#≈≈≈≈≈≈≈≈≈≈≈# ≈#
≈≈≈≈≈≈≈≈≈≈.#####.#
#≈#≈≈≈≈≈≈≈≈..#.#≈####
#≈≈≈≈≈≈≈≈≈≈≈@T≈.≈.#
##≈≈≈≈≈≈≈≈≈≈≈≈≈≈≈≈≈≈≈
##≈≈≈≈≈≈≈≈≈≈≈≈≈≈≈≈≈≈
##≈≈≈≈≈≈≈≈≈≈≈≈≈≈≈≈≈
##≈≈≈≈≈≈≈≈≈≈≈≈≈≈≈≈
##≈≈≈≈≈≈≈≈≈≈≈≈≈≈≈
##≈≈≈≈≈≈≈≈≈≈≈≈≈≈
##≈≈≈≈≈≈≈≈≈≈≈≈≈


You could see Purgy.

Vanquished Creatures
  2 adders
  An ooze (D:1)
  A worm (D:2)
  A dart slug (D:1)
  5 leopard geckos
  4 ball pythons (Sewer)
  3 giant cockroaches (D:3)
  8 goblins
  6 hobgoblins
  6 bats
  3 frilled lizards (Sewer)
  7 kobolds
  5 rats
52 creatures vanquished.

Notes
Turn   | Place    | Note
-------+----------+-------------------------------------------
     0 | D:1      | Horrz the Hill Orc Monk began the quest for the Orb.
     0 | D:1      | Reached XP level 1. HP: 19/19 MP: 1/1
   132 | D:1      | Reached skill level 4 in Fighting
   132 | D:1      | Reached XP level 2. HP: 11/27 MP: 2/2
   658 | D:1      | Reached XP level 3. HP: 34/34 MP: 3/3
  1188 | D:2      | Upgraded the game from 0.21-a0-352-g5b8f553 to 0.21-a0-360-g65c131b
  1354 | D:2      | Reached XP level 4. HP: 41/41 MP: 4/4
  1441 | D:2      | Found a shimmering altar of Xom.
  1535 | D:3      | Found a glowing drain.
  1536 | D:3      | Reached skill level 5 in Fighting
  1647 | Sewer    | Entered a sewer
  1700 | Sewer    | Noticed Purgy
  1710 | Sewer    | HP: 1/42 [Purgy (7)]
  1710 | Sewer    | Slain by Purgy

Vault maps used:
D:1:      lightli_arrival_boilingwater, wad_floor_pattern_untrapped
D:2:      first_bread, brannock_xom_greatest_gift
D:3:      gup_sewer_entry_pipe, guppyfry_early_orc_mine
Sewer:    sewer_co_purgy_island

Skill      XL: |  1  2  3  4 |
---------------+-------------+-----
Fighting       | 4 5 |  5.0
Maces & Flails | 4 |  4.6
Dodging        | |  2.4
Stealth        | |  1.5

Action                   |  1- 3 |  4- 6 || total
-------------------------+-------+-------++-------
Melee: Mace              |   122 |    43 ||   165
  Use: Potion            |     1 |     3 ||     4
       Scroll            |     6 |     1 ||     7
 Stab: Sleeping          |     2 |       ||     2
  Eat: Chunk             |     1 |     2 ||     3
Armor: Robe              |    24 |     9 ||    33
Dodge: Dodged            |   105 |    40 ||   145

Table legend:
 A = Spawn XP
 B = Non-spawn XP
 C = Spawn XP percentage of total XP
 D = Spawn monster count
 E = Non-spawn monster count
 F = Spawn count percentage of total count
 G = Total turns spent on level
                    A         B        C        D         E        F      G
               +---------+---------+-------+---------+---------+-------+---------
         Total |       0 |     120 |   0.0 |       0 |      52 |   0.0 |  1710
               +---------+---------+-------+---------+---------+-------+---------
           D:1 |       0 |      35 |   0.0 |       0 |      17 |   0.0 |   826
           D:2 |       0 |      48 |   0.0 |       0 |      20 |   0.0 |   668
           D:3 |       0 |      29 |   0.0 |       0 |       8 |   0.0 |   153
         Sewer |       0 |       8 |   0.0 |       0 |       7 |   0.0 |    63
               +---------+---------+-------+---------+---------+-------+---------
